 Dungeon Crawl Stone Soup version 0.30.0-5-g1a98f26d00 (webtiles) character file.

Game seed: 6356937940781202976

302 hbarley the Chopper (level 6, -7/44 (53) HPs)
             Began as a Hill Orc Fighter on May 10, 2023.
             Mangled by a wight
             ... wielding a +0 hand axe
              (8 damage)
             ... on level 4 of the Dungeon on May 11, 2023.
             The game lasted 00:08:02 (3277 turns).

hbarley the Chopper (Hill Orc Fighter)              Turns: 3277, Time: 00:08:03

HP:   -7/44 (53)    AC: 11    Str: 21    XL:     6   Next: 37%
MP:   6/6           EV:  8    Int:  8    God:
Gold: 290           SH: 10    Dex: 10    Spells: 5/5 levels left

rFire   . . .        s - +1 war axe (venom)
rCold   . . .        o - +2 kite shield
rNeg    . . .        b - +0 scale mail
rPois   .            (no helmet)
rElec   .            p - +0 cloak
rCorr   .            h - +0 pair of gloves
SInv    .            t - +0 pair of boots
Will    .....        (no amulet) Stlth
                     (no ring)
HPRegen 0.27/turn    (no ring)
MPRegen 0.10/turn

%: no passive effects
@: heavily drained
A: no striking features
a: no special abilities


You were on level 4 of the Dungeon.
You visited 2 branches of the dungeon, and saw 6 of its levels.

You collected 290 gold pieces.

Inventory:

Hand Weapons
 a - a +0 war axe
 s - a +1 war axe of venom (weapon)
Missiles
 e - a throwing net (quivered)
Armour
 b - a +0 scale mail (worn)
 c - a +0 buckler
 h - a +0 pair of gloves (worn)
 o - a +2 kite shield (worn)
 p - a +0 cloak (worn)
 t - a +0 pair of boots (worn)
Wands
 i - a wand of acid (12)
 v - a wand of digging (6)
Scrolls
 j - a scroll of fear {unknown}
 k - 3 scrolls of enchant armour {unknown}
 l - 3 scrolls of immolation {unknown}
 m - 5 scrolls of identify {unknown}
 q - 2 scrolls of vulnerability {unknown}
 u - a scroll of silence {unknown}
 w - a scroll of noise {unknown}
 x - 2 scrolls of poison {unknown}
 y - 2 scrolls of teleportation {unknown}
 A - a scroll of amnesia {unknown}
Potions
 d - a potion of might
 f - 2 potions of mutation {unknown}
 g - 2 potions of heal wounds {unknown}
 n - a potion of curing {unknown}
 r - a potion of brilliance {unknown}
 z - a potion of degeneration {unknown}


   Skills:
 + Level 4.4 Fighting
 + Level 5.8 Axes
 + Level 4.9 Armour
 + Level 0.5 Dodging
 + Level 4.1 Shields


You had 5 spell levels left.
You didn't know any spells.
Your spell library contained the following spells:

 Spells                   Type           Power      Damage    Failure   Level
 Magic Dart               Conj           0%         1d3       95%         1
 Sting                    Tmut/Pois      0%         1d3       95%         1
 Poisonous Vapours        Pois/Air       0%         N/A       98%         2
 Searing Ray              Conj           0%         2d4       98%         2
 Static Discharge         Conj/Air       0%         2-2/arc   98%         2
 Inner Flame              Hex/Fire       0%         N/A       100%        3
 Mephitic Cloud           Conj/Pois/Air  0%         N/A       100%        3
 Airstrike                Air            0%         2d(0-16)  100%        4
 Flame Wave               Conj/Fire      0%         2d4       100%        4
 Fulminant Prism          Conj/Hex       0%         3d5       100%        4
 Olgreb's Toxic Radiance  Pois           0%         N/A       100%        4
 Sticky Flame             Conj/Fire      0%         2d3       100%        4
 Summon Lightning Spire   Summ/Air       0%         N/A       100%        4
 Freezing Cloud           Conj/Ice/Air   0%         6-21      100%        5


Dungeon Overview and Level Annotations

Branches:
Dungeon (5/15)             Temple (1/1) D:4

Altars:
Ashenzari
Cheibriados
Elyvilon
Hepliaklqana
Kikubaaqudgha
Qazlal
Ru
Sif Muna
Trog
Uskayaw
Xom
The Shining One


Message History

The wight barely misses you. The wight closely misses you.
You block the wight's attack.
You can't go down here!
You block the wight's attack. The wight closely misses you.
The wight hits you but does no damage.
You climb upwards.
There is a stone staircase leading down, spattered with blood here.
You completely miss the wight. You hit the wight but do no damage.
You block the wight's attack. The wight hits you with a +0 falchion.
You hit the wight but do no damage. You barely miss the wight.
The wight hits you with a +0 hand axe.
You feel drained. The wight hits you with a +0 falchion.
You feel drained. The wight hits you but does no damage.
You block the wight's attack.
You hit the wight but do no damage. You slash the wight!
The wight barely misses you. The wight hits you but does no damage.
You slash the wight!
The wight is severely damaged.
You closely miss the wight. You block the wight's attack.
The wight closely misses you.
You hit the wight but do no damage.
The wight is severely damaged.
You hit the wight but do no damage. The wight closely misses you.
The wight hits you with a +0 falchion. The wight hits you with a +0 hand axe.
The wight hits you but does no damage.
You closely miss the wight.
The wight is severely damaged.
You slash the wight! The wight hits you with a +0 hand axe!
* * * LOW HITPOINT WARNING * * *
You feel drained. You block the wight's attack.
You completely miss the wight.
The wight is severely damaged.
You hit the wight.
You destroy the wight!
You block the wight's attack.
You barely miss the wight.
The wight is severely damaged.
The wight hits you with a +0 hand axe!
* * * LOW HITPOINT WARNING * * *
You feel drained. The wight hits you with a +0 hand axe!
You die...

.##.##..#.....##...####.# ##^...
.##.....##...>..........# ##..#
........................#######..
.##..#..<#.#.##................#.
...........#.##.....#.########.##
(..(.#..............#.# #...
.....#..............#.# ####
.............####...#.#
#...##..........@z...)#
##.###...###...)....### ########
##.###...###.######.# #.......
##.##.#...##.# #.# #.######
##........##.# #.# #.#
#####.##..##.# #.# #.# #
##...###.# #.# #.# ########.###.#
#.# #.# .............# #.# #.#


You could see a wight.

Vanquished Creatures
  2 wights
  Terence (D:3)
  4 gnolls (D:4)
  6 adders
  2 worms
  2 dart slugs
  6 bats
  4 endoplasms
  2 giant cockroaches (D:2)
  8 goblins
  5 hobgoblins
  3 jackals (D:4)
  7 kobolds
  4 quokkas
  8 ball pythons
  4 frilled lizards (D:2)
  6 rats
74 creatures vanquished.

Notes
Turn   | Place    | Note
-------+----------+-------------------------------------------
     0 | D:1      | hbarley the Hill Orc Fighter began the quest for the Orb.
     0 | D:1      | Reached XP level 1. HP: 19/19 MP: 1/1
    87 | D:1      | Reached XP level 2. HP: 27/27 MP: 2/2
   378 | D:1      | Reached skill level 3 in Axes
   859 | D:2      | Reached XP level 3. HP: 31/33 MP: 3/3
   919 | D:2      | You fall into a shaft and drop 2 floors!
  1225 | D:3      | Found a shimmering altar of Xom.
  1225 | D:3      | Found a sacrificial altar of Ru.
  1538 | D:2      | Reached XP level 4. HP: 38/40 MP: 4/4
  1541 | D:2      | Reached skill level 4 in Axes
  2220 | D:3      | Noticed Terence
  2226 | D:3      | Killed Terence
  2227 | D:3      | Reached XP level 5. HP: 36/46 MP: 5/5
  2496 | D:4      | Found a bloodstained altar of Trog.
  2682 | D:4      | Reached skill level 5 in Axes
  2767 | D:4      | Found a staircase to the Ecumenical Temple.
  2841 | Temple   | Entered the Ecumenical Temple
  3091 | D:5      | Entered Level 5 of the Dungeon
  3112 | D:5      | Reached XP level 6. HP: 14/53 MP: 6/6
  3277 | D:4      | HP: 1/46 [wight/+0 hand axe (9)]
  3277 | D:4      | Mangled by a wight

Illustrated notes

Levels and vault maps discovered:
D:1:      ncdulo_wetmaze, layout_basic
D:2:      layout_loops_ring, kennysheep_cluttered_room,
          minmay_increasing_density
D:3:      layout_basic, jmf_multi_god_temple, uniq_terence
D:4:      layout_loops_ring, lightli_temple_of_fire, minmay_temple_entry_arrows
D:5:      layout_basic, kennysheep_mini, roderic_batcave,
          kennysheep_generic_room_6
Temple:   nicolae_temple_ecumenical_triangle

Skill      XL: |  1  2  3  4  5 |
---------------+----------------+-----
Axes           | 3 4 5 |  5.8
Fighting       | 4 |  4.4
Armour         | 4 |  4.9
Shields        | 4 |  4.1
Dodging        | |  0.5

Action                     |  1- 3 |  4- 6 || total
---------------------------+-------+-------++-------
  Melee: War axe           |   110 |   104 ||   214
 Armour: Scale mail        |    70 |    33 ||   103
  Dodge: Dodged            |    61 |    33 ||    94
  Block: Buckler           |    25 |     1 ||    26
         Kite shield       |       |    65 ||    65
